AoeStats
← randomciv

MegaRandom

504925138Analyzed
1v1 RM · 25d ago on Sep 7, 2026· 39m 58s· 2 players
Game mode
Random Map
Map size
Tiny (2 player)
Population
200
Speed
Normal
Resources
Standard
Victory
Conquest
Starting age
Dark Age
Ending age
Imperial Age
RankedLock teamsTeams togetherTeam positionsShared explorationLock speedFull tech treeHidden civsTurbo modeCheats
Victory
Defeat
🇩🇪 Chinese · Germany
1821
+20
🇦🇷 Inca · Argentina
1910
-20
Pummeluff
2:46 Loom
13:55 Feudal Age
14:44 Fishing Lines
15:08 Double-Bit Axe
18:18 Castle Age
18:38 Fletching
18:35 Town Watch
19:28 Bow Saw
22:01 Bodkin Arrow
24:59 Wheelbarrow
25:13 Gillnets
28:54 Hand Cart
29:59 Gillnets
33:50 Imperial Age
31:46 Ballistics
32:17 Padded Archer Armor
32:29 Gold Mining
32:30 Stone Mining
32:21 Horse Collar
36:19 Chemistry
35:20 Bracer
36:56 Leather Archer Armor
37:44 Scale Barding Armor
38:10 Ring Archer Armor
38:28 Conscription
38:17 Heavy Plow
39:58 Forging
40:43 Chain Barding Armor
randomciv
8:50 Loom
13:16 Feudal Age
17:00 Castle Age
15:37 Horse Collar
15:43 Double-Bit Axe
17:12 Forging
18:04 Bow Saw
18:00 Fishing Lines
19:23 Champi Runner
22:30 Wheelbarrow
22:33 Squires
25:48 Scale Mail Armor
29:10 Stone Mining
29:11 Gold Mining
33:59 Imperial Age
32:34 Andean Sling
31:57 Elite Skirmisher
32:58 Fletching
33:09 Padded Archer Armor
34:06 Ballistics
34:20 Thumb Ring
34:13 Bodkin Arrow
35:13 Forging
34:58 Pikeman
36:38 Masonry
37:32 Leather Archer Armor
38:21 Bodkin Arrow
39:02 Ring Archer Armor
39:20 Bracer
Connection lost

Rejoining the realm…

Still unreachable

The connection could not be restored.

Session expired

The server has moved on; the page needs a fresh start.